[ AOE2 MATCH · #476355995 ]
UnrankedMalians vs Saracens
Player's team · WIN
Rival team · LOSS
[ REPLAY ANALYSIS · EXTRACTED FROM THE RECORDED GAME ]
Feudal
9:40
Castle
20:14
Imperial
—
| APM avg | 54.4 |
| APM peak | 92 |
| eAPM avg | 24.0 |
| Villagers / military | 56 / 66 |
Focus
⚔️ 50.7% · 🌾 49.3%
Archer ×62 · Fishing Ship ×12 · Militia ×3 · Galley ×1 · Unknown (2626) ×1
Feudal
9:17
Castle
17:17
Imperial
—
| APM avg | 54.5 |
| APM peak | 83 |
| eAPM avg | 24.6 |
| Villagers / military | 50 / 43 |
Focus
⚔️ 30.3% · 🌾 69.7%
Archer ×43 · Fishing Ship ×9
Match map
Initial resources + every placement click. Lines = walls · curves = elevation contours. ◆ gold · ⬟ stone · ● berries · ✦ relic · ◌ wall gap
Your base· Open — unwalled flank
__97_Unknown_Arg's base· ✓ Closed at 17:17 · 33t walls · 2 gate(s)
Smoothed initial terrain · ◌ = detected wall gap · hover for details
Inputs per minute
— __92_Deimos_Arg - - __97_Unknown_Arg
Build order — __92_Deimos_Arg
First 150 of 207 actions detected
| 0:00 | Create | Villager (Male) |
| 0:00 | Create | Villager (Male) |
| 0:02 | Build | House |
| 0:02 | Build | House |
| 0:04 | Create | Villager (Male) |
| 0:04 | Create | Villager (Male) |
| 0:05 | Create | Villager (Male) |
| 1:29 | Create | Villager (Male) |
| 1:29 | Create | Villager (Male) |
| 1:50 | Build | Lumber Camp |
| 1:56 | Create | Villager (Male) |
| 2:15 | Create | Villager (Male) |
| 2:36 | Create | Villager (Male) |
| 2:36 | Create | Villager (Male) |
| 3:05 | Create | Villager (Male) |
| 3:17 | Create | Villager (Male) |
| 3:24 | Build | House |
| 3:54 | Create | Villager (Male) |
| 3:58 | Build | Dock |
| 4:17 | Create | Villager (Male) |
| 4:36 | Create | Villager (Male) |
| 4:36 | Create | Villager (Male) |
| 4:47 | Build | House |
| 4:50 | Create | Fishing Ship |
| 4:52 | Build | Palisade Wall |
| 4:53 | Build | Palisade Wall |
| 5:07 | Create | Villager (Male) |
| 5:16 | Create | Villager (Male) |
| 5:18 | Create | Villager (Male) |
| 5:23 | Create | Fishing Ship |
| 5:47 | Create | Villager (Male) |
| 6:04 | Create | Fishing Ship |
| 6:19 | Build | House |
| 6:21 | Build | Palisade Wall |
| 6:44 | Research | Loom |
| 7:03 | Create | Fishing Ship |
| 7:20 | Research | Feudal Age |
| 7:49 | Build | Mining Camp |
| 8:11 | Build | House |
| 8:43 | Build | Barracks |
| 9:26 | Create | Militia |
| 9:26 | Create | Militia |
| 9:40 | Age | Feudal Age |
| 9:42 | Create | Villager (Male) |
| 9:43 | Create | Militia |
| 9:45 | Build | Archery Range |
| 9:52 | Research | Double-Bit Axe |
| 9:58 | Research | Man-at-Arms (upgrade) |
| 10:07 | Build | House |
| 10:10 | Create | Villager (Male) |
| 10:35 | Create | Archer |
| 10:45 | Create | Villager (Male) |
| 10:47 | Create | Archer |
| 10:51 | Build | Blacksmith |
| 10:53 | Create | Villager (Male) |
| 11:09 | Create | Villager (Male) |
| 11:11 | Build | House |
| 11:21 | Create | Archer |
| 11:36 | Build | Mill |
| 11:42 | Create | Archer |
| 11:46 | Research | Fletching |
| 11:46 | Research | Fletching |
| 12:02 | Create | Archer |
| 12:02 | Create | Villager (Male) |
| 12:03 | Build | House |
| 12:11 | Build | Archery Range |
| 12:27 | Build | House |
| 12:28 | Build | Palisade Wall |
| 12:29 | Create | Villager (Male) |
| 12:44 | Build | Dock |
| 12:50 | Create | Archer |
| 13:00 | Create | Villager (Male) |
| 13:00 | Create | Archer |
| 13:09 | Build | House |
| 13:10 | Create | Archer |
| 13:21 | Create | Fishing Ship |
| 13:25 | Create | Fishing Ship |
| 13:27 | Create | Villager (Male) |
| 13:28 | Create | Archer |
| 13:38 | Build | House |
| 13:39 | Build | House |
| 13:40 | Create | Archer |
| 13:50 | Create | Villager (Male) |
| 13:51 | Create | Archer |
| 13:54 | Build | House |
| 14:07 | Create | Fishing Ship |
| 14:12 | Create | Archer |
| 14:13 | Create | Villager (Male) |
| 14:15 | Build | House |
| 14:23 | Create | Archer |
| 14:34 | Create | Fishing Ship |
| 14:35 | Create | Fishing Ship |
| 14:41 | Create | Archer |
| 14:43 | Build | House |
| 14:50 | Build | House |
| 14:52 | Create | Villager (Male) |
| 15:11 | Create | Archer |
| 15:14 | Create | Archer |
| 15:15 | Create | Villager (Male) |
| 15:30 | Build | Mining Camp |
| 15:34 | Create | Archer |
| 15:50 | Build | House |
| 15:50 | Create | Villager (Male) |
| 15:56 | Build | House |
| 16:18 | Create | Villager (Male) |
| 16:20 | Build | Market |
| 16:27 | Build | House |
| 16:31 | Create | Fishing Ship |
| 16:36 | Create | Archer |
| 16:36 | Create | Archer |
| 16:39 | Create | Villager (Male) |
| 16:52 | Create | Archer |
| 17:06 | Create | Archer |
| 17:06 | Create | Villager (Male) |
| 17:34 | Research | Castle Age |
| 17:51 | Build | House |
| 17:53 | Build | House |
| 17:58 | Build | House |
| 18:00 | Build | House |
| 18:18 | Build | Mining Camp |
| 18:47 | Create | Villager (Male) |
| 19:20 | Create | Archer |
| 19:20 | Create | Archer |
| 19:25 | Build | Lumber Camp |
| 19:43 | Build | House |
| 20:14 | Age | Castle Age |
| 20:17 | Research | Crossbowman (upgrade) |
| 20:17 | Research | Bodkin Arrow |
| 20:24 | Create | Archer |
| 20:24 | Create | Villager (Male) |
| 20:35 | Build | Lumber Camp |
| 20:50 | Create | Archer |
| 20:50 | Create | Villager (Male) |
| 20:58 | Create | Archer |
| 20:58 | Create | Archer |
| 21:15 | Create | Villager (Male) |
| 21:21 | Create | Archer |
| 21:21 | Create | Villager (Male) |
| 21:23 | Research | Padded Archer Armor |
| 21:27 | Research | Bow Saw |
| 21:50 | Create | Villager (Male) |
| 21:52 | Build | University |
| 21:54 | Create | Archer |
| 21:54 | Create | Archer |
| 22:03 | Create | Archer |
| 22:09 | Create | Archer |
| 22:09 | Create | Archer |
| 22:30 | Research | Ballistics |
| 22:30 | Create | Archer |
| 22:35 | Create | Villager (Male) |
Build order — __97_Unknown_Arg
First 150 of 166 actions detected
| 0:00 | Create | Villager (Male) |
| 0:01 | Create | Villager (Male) |
| 0:01 | Create | Villager (Male) |
| 0:02 | Build | House |
| 0:03 | Build | House |
| 0:12 | Create | Villager (Male) |
| 0:12 | Create | Villager (Male) |
| 1:25 | Create | Villager (Male) |
| 1:25 | Create | Villager (Male) |
| 1:44 | Build | Lumber Camp |
| 2:00 | Create | Villager (Male) |
| 2:22 | Create | Villager (Male) |
| 2:53 | Create | Villager (Male) |
| 3:11 | Create | Villager (Male) |
| 3:26 | Build | House |
| 3:37 | Create | Villager (Male) |
| 4:00 | Create | Villager (Male) |
| 4:13 | Build | Dock |
| 4:31 | Create | Villager (Male) |
| 4:41 | Create | Villager (Male) |
| 5:00 | Build | Palisade Wall |
| 5:01 | Build | Palisade Wall |
| 5:22 | Create | Villager (Male) |
| 5:27 | Create | Fishing Ship |
| 5:37 | Build | House |
| 5:42 | Create | Villager (Male) |
| 5:42 | Create | Villager (Male) |
| 5:43 | Create | Villager (Male) |
| 5:43 | Create | Villager (Male) |
| 6:17 | Create | Villager (Male) |
| 6:24 | Create | Fishing Ship |
| 6:39 | Research | Loom |
| 7:01 | Build | House |
| 7:07 | Research | Feudal Age |
| 7:07 | Research | Feudal Age |
| 7:21 | Build | Palisade Wall |
| 7:28 | Build | Palisade Wall |
| 7:50 | Create | Fishing Ship |
| 7:57 | Build | Palisade Wall |
| 8:08 | Build | Mining Camp |
| 8:10 | Build | Palisade Wall |
| 8:57 | Build | Palisade Wall |
| 9:06 | Build | Barracks |
| 9:17 | Age | Feudal Age |
| 9:24 | Create | Villager (Male) |
| 9:39 | Create | Fishing Ship |
| 9:43 | Build | House |
| 9:53 | Create | Villager (Male) |
| 10:09 | Build | Archery Range |
| 10:15 | Build | House |
| 10:21 | Create | Villager (Male) |
| 10:47 | Build | Palisade Wall |
| 10:50 | Create | Villager (Male) |
| 10:51 | Create | Archer |
| 11:03 | Create | Archer |
| 11:05 | Create | Villager (Male) |
| 11:12 | Build | Palisade Wall |
| 11:17 | Build | Palisade Gate |
| 11:19 | Create | Archer |
| 11:27 | Build | Palisade Wall |
| 11:32 | Create | Archer |
| 11:35 | Create | Fishing Ship |
| 11:46 | Research | Double-Bit Axe |
| 11:47 | Create | Villager (Male) |
| 12:04 | Build | Mill |
| 12:10 | Build | Palisade Wall |
| 12:16 | Create | Villager (Male) |
| 12:22 | Create | Villager (Male) |
| 12:35 | Create | Villager (Male) |
| 12:43 | Build | Blacksmith |
| 12:54 | Create | Villager (Male) |
| 12:59 | Build | House |
| 13:16 | Build | House |
| 13:34 | Create | Villager (Male) |
| 13:35 | Build | Market |
| 13:37 | Create | Villager (Male) |
| 13:43 | Create | Fishing Ship |
| 13:49 | Build | Palisade Wall |
| 14:12 | Create | Archer |
| 14:23 | Build | Archery Range |
| 14:37 | Research | Castle Age |
| 14:37 | Research | Castle Age |
| 14:42 | Build | House |
| 14:45 | Create | Archer |
| 14:51 | Build | Palisade Wall |
| 14:58 | Create | Archer |
| 15:12 | Research | Fletching |
| 15:34 | Create | Archer |
| 15:35 | Create | Archer |
| 15:45 | Create | Archer |
| 15:46 | Create | Archer |
| 15:49 | Build | House |
| 15:52 | Build | House |
| 16:20 | Build | Palisade Gate |
| 16:22 | Research | Gold Mining |
| 16:23 | Research | Gold Mining |
| 16:34 | Create | Archer |
| 16:34 | Create | Archer |
| 16:34 | Create | Archer |
| 16:41 | Create | Fishing Ship |
| 16:48 | Build | House |
| 16:49 | Build | House |
| 17:11 | Build | House |
| 17:17 | Age | Castle Age |
| 17:23 | Research | Crossbowman (upgrade) |
| 17:24 | Research | Crossbowman (upgrade) |
| 17:41 | Research | Bodkin Arrow |
| 17:41 | Research | Bodkin Arrow |
| 17:45 | Create | Villager (Male) |
| 17:55 | Create | Villager (Male) |
| 18:16 | Create | Villager (Male) |
| 18:19 | Build | Mining Camp |
| 18:50 | Create | Villager (Male) |
| 19:04 | Create | Archer |
| 19:04 | Create | Archer |
| 19:05 | Create | Archer |
| 19:05 | Create | Archer |
| 19:49 | Build | House |
| 19:54 | Create | Villager (Male) |
| 19:59 | Create | Archer |
| 19:59 | Create | Archer |
| 19:59 | Create | Archer |
| 19:59 | Create | Archer |
| 20:00 | Create | Archer |
| 20:00 | Create | Archer |
| 20:46 | Research | Crossbowman (upgrade) |
| 21:31 | Create | Archer |
| 21:31 | Create | Archer |
| 21:48 | Create | Villager (Male) |
| 21:49 | Create | Archer |
| 21:49 | Create | Archer |
| 21:49 | Create | Archer |
| 22:06 | Create | Archer |
| 22:07 | Create | Archer |
| 22:15 | Create | Villager (Male) |
| 22:15 | Create | Villager (Male) |
| 22:20 | Build | Palisade Gate |
| 22:25 | Build | House |
| 22:33 | Research | Padded Archer Armor |
| 22:46 | Create | Fishing Ship |
| 22:51 | Create | Villager (Male) |
| 23:20 | Create | Archer |
| 23:20 | Create | Archer |
| 23:42 | Create | Villager (Male) |
| 23:42 | Create | Archer |
| 23:42 | Create | Archer |
| 23:51 | Create | Villager (Male) |
| 23:53 | Build | University |
| 24:11 | Create | Fishing Ship |
| 24:24 | Create | Archer |
Match timeline
| 3:58 | __92_Deimos_Arg · first_building Dock |
| 4:13 | __97_Unknown_Arg · first_building Dock |
| 4:52 | __92_Deimos_Arg · wall_segment Palisade Wall x1 |
| 4:53 | __92_Deimos_Arg · wall_segment Palisade Wall x1 |
| 5:00 | __97_Unknown_Arg · wall_segment Palisade Wall x1 |
| 5:01 | __97_Unknown_Arg · wall_segment Palisade Wall x1 |
| 6:21 | __92_Deimos_Arg · wall_segment Palisade Wall x1 |
| 7:21 | __97_Unknown_Arg · wall_segment Palisade Wall x4 |
| 7:28 | __97_Unknown_Arg · wall_segment Palisade Wall x4 |
| 7:57 | __97_Unknown_Arg · wall_segment Palisade Wall x3 |
| 8:10 | __97_Unknown_Arg · wall_segment Palisade Wall x2 |
| 8:43 | __92_Deimos_Arg · first_building Barracks |
| 8:57 | __97_Unknown_Arg · wall_segment Palisade Wall x1 |
| 9:06 | __97_Unknown_Arg · first_building Barracks |
| 9:17 | __97_Unknown_Arg · age_up feudal |
| 9:40 | __92_Deimos_Arg · age_up feudal |
| 9:45 | __92_Deimos_Arg · first_building Archery Range |
| 10:09 | __97_Unknown_Arg · first_building Archery Range |
| 10:47 | __97_Unknown_Arg · wall_segment Palisade Wall x1 |
| 11:12 | __97_Unknown_Arg · wall_segment Palisade Wall x3 |
| 11:27 | __97_Unknown_Arg · wall_segment Palisade Wall x1 |
| 12:10 | __97_Unknown_Arg · wall_segment Palisade Wall x1 |
| 12:28 | __92_Deimos_Arg · wall_segment Palisade Wall x1 |
| 13:49 | __97_Unknown_Arg · wall_segment Palisade Wall x9 |
| 14:13 | __97_Unknown_Arg · first_market_sell 500 stone |
| 14:14 | __97_Unknown_Arg · first_market_buy 100 food |
| 14:51 | __97_Unknown_Arg · wall_segment Palisade Wall x2 |
| 17:17 | __97_Unknown_Arg · age_up castle |
| 17:23 | __92_Deimos_Arg · first_market_sell 100 wood |
| 17:30 | __92_Deimos_Arg · first_market_buy 100 food |
| 20:14 | __92_Deimos_Arg · age_up castle |
| 23:47 | __92_Deimos_Arg · wall_segment Stone Wall x2 |
| 24:46 | __92_Deimos_Arg · first_building Stable |
| 26:10 | __92_Deimos_Arg · wall_segment Palisade Wall x1 |
| 26:11 | __97_Unknown_Arg · wall_segment Palisade Wall x1 |
| 26:11 | __92_Deimos_Arg · wall_segment Palisade Wall x1 |
| 26:22 | __97_Unknown_Arg · resign |
[ AI ANALYSIS · 1 CREDIT ]
What really happened in this match?
Wolo.gg analyzes every decision: build order, eco, micro, common mistakes by bracket. Personalized analysis on WhatsApp or Discord in 30 seconds.
Civ guide
Malians
Map guide
Four Lakes
Perfil
Jugador #2849281